 Dungeon Crawl Stone Soup version 0.29.1-13-g9f3cf754e1 (webtiles) character file.

Game seed: 5133690839026679803

36 ebeggin the Chopper (level 3, -1/33 HPs)
             Began as a Hill Orc Monk on Feb 7, 2023.
             Slain by a gnoll
             ... wielding a +0 halberd
              (15 damage)
             ... on level 2 of the Dungeon.
             The game lasted 00:04:20 (1647 turns).

ebeggin the Chopper (Hill Orc Monk)                 Turns: 1647, Time: 00:04:21

Health: -1/33      AC:  2    Str: 15    XL:     3   Next: 37%
Magic:  3/3        EV: 12    Int: 10    God:
Gold:   68         SH:  0    Dex: 13    Spells: 2/2 levels left

rFire   . . .      SeeInvis .   a - +0 hand axe
rCold   . . .      Faith    .   (no shield)
rNeg    . . .      Spirit   .   b - +0 robe
rPois   .          Reflect  .   (no helmet)
rElec   .          Harm     .   (no cloak)
rCorr   .          Rampage  .   (no gloves)
Will    .....                   (no boots)
Stlth   ++........              (no amulet)
HPRegen 0.11/turn               (no ring)
MPRegen 0.08/turn               (no ring)

@: no status effects
A: no striking features
a: no special abilities


You were on level 2 of the Dungeon.
You visited 1 branch of the dungeon, and saw 2 of its levels.

You collected 68 gold pieces.

Inventory:

Hand Weapons
 a - a +0 hand axe (weapon)
Armour
 b - a +0 robe (worn)
Potions
 c - a potion of ambrosia
 d - a potion of brilliance
 e - a potion of lignification
 f - a potion of flight {unknown}
 g - a potion of curing {unknown}


   Skills:
 + Level 4.1 Fighting
 + Level 4.9 Axes
 + Level 2.7 Dodging
 + Level 1.7 Stealth


You had 2 spell levels left.
You didn't know any spells.
Your spell library was empty.

Dungeon Overview and Level Annotations

Branches:
Dungeon (2/15)

Altars:


Message History

You enter the shallow water.
Moving in this stuff is going to be slow.
Things that are here:
a +0 short sword; 4 stones You open the door.
You open the door.
There is an open door here.
You open the door.
There is an open door here.
You enter the shallow water.
Moving in this stuff is going to be slow.
As you open the door, it creaks loudly!
There is an open door here.
There is an open door here.
Done exploring.
There is an open door here.
You see here a +0 dagger.
There is a stone staircase leading down here.
There is a stone staircase leading down here.
You climb downwards.
There is a stone staircase leading up here.
A gnoll comes into view. It is wielding a +0 flail.
The gnoll shouts! x3
You hit the gnoll but do no damage. The gnoll hits you with a +0 club.
The gnoll misses you.
A hobgoblin comes into view.
You barely miss the gnoll.
The hobgoblin shouts!
The gnoll barely misses you. The gnoll closely misses you.
The gnoll hits you with a +0 club.
You hit the gnoll.
The gnoll is heavily wounded.
The gnoll hits you with a +0 club. The gnoll closely misses you.
The gnoll misses you.
You closely miss the gnoll.
The gnoll is heavily wounded.
You barely miss the gnoll. The gnoll closely misses you.
The gnoll hits you with a +0 flail!
The gnoll hits you from afar with a +0 halberd!
You die...

## .#.#
+.####.#.#
#........###
#...........
+........#
#........#
+...<....#
##...#####
#..@#
....g..gg....#
......gg.....#
###..........#
#..........#
#..........#
#..........#
#..........#


You could see 4 gnolls and a hobgoblin.

Vanquished Creatures
  A dart slug (D:1)
  6 ball pythons (D:1)
  4 endoplasms (D:1)
  3 giant cockroaches (D:1)
  A goblin (D:1)
  3 hobgoblins (D:1)
  5 bats (D:1)
  3 kobolds (D:1)
  6 rats (D:1)
32 creatures vanquished.

Notes
Turn   | Place    | Note
-------+----------+-------------------------------------------
     0 | D:1      | ebeggin the Hill Orc Monk began the quest for the Orb.
     0 | D:1      | Reached XP level 1. HP: 19/19 MP: 1/1
   136 | D:1      | Reached XP level 2. HP: 24/27 MP: 2/2
   740 | D:1      | Found a faded altar of an unknown god.
   973 | D:1      | Reached XP level 3. HP: 33/33 MP: 3/3
  1647 | D:2      | Slain by a gnoll

Illustrated notes

Levels and vault maps discovered:
D:1:      lemuel_arrival_rhombus, layout_basic, nicolae_ecumenical_lake_church,
          corexii_hall_statues_l
D:2:      layout_basic

Skill      XL: |  1  2 |
---------------+-------+-----
Fighting       | 4 |  4.1
Axes           | |  4.9
Dodging        | |  2.7
Stealth        | |  1.7

Action                   || total
-------------------------++-------
Melee: Hand axe          ||    93
  Use: Scroll            ||     2
 Stab: Sleeping          ||     2
Armor: Robe              ||    23
Dodge: Dodged            ||    57
